[Event "*** SCC Grand Prix: Titled Tuesday Blitz"]
[Site "Chess.com"]
[Date "2020.08.11"]
[Round "6"]
[White "Aleksey_Sorokin"]
[Black "Fins0905"]
[Result "1-0"]
[WhiteElo "2804"]
[BlackElo "2632"]
[TimeControl "180+1"]
[EndTime "11:05:58 PDT"]
[Termination "Aleksey_Sorokin won by resignation"]

1. d4 d5 2. c4 c6 3. Nf3 Nf6 4. e3 Bf5 5. Nc3 e6 6. Nh4 Be4 7. f3 Bg6 8. Qb3 Qc7 9. Bd2 Be7 10. cxd5 Nxd5 11. Nxg6 hxg6 12. g3 Nd7 13. e4 Nxc3 14. Qxc3 e5 15. dxe5 Qxe5 16. Qxe5 Nxe5 17. Be2 O-O-O 18.
Bc3 Bf6 19. Rd1 Rxd1+ 20. Kxd1 Nd7 21. Kc2 Bxc3 22. Kxc3 g5 23. Kd4 Kc7 24. h4 gxh4 25. gxh4 Kd6 26. f4 g6 27. h5 gxh5 28. e5+ Ke7 29. Bxh5 f6 30. Ke4 fxe5 31. fxe5 Nc5+ 32. Ke3 Ne6 33. Rh3 Ng5 34. Rh1 Ne6 35. Ke4 Rd8 36. Bg4 Rd4+ 37. Kf3 Rd3+ 38. Kf2 Nc5 39. Rh7+ Kf8 40. e6 Rd2+ 41. Ke3 Rd3+ 42. Ke2 Rd4 43. e7+ Kg8 44. e8=Q+ 1-0

[Event "*** SCC Grand Prix: Titled Tuesday Blitz"]
[Site "Chess.com"]
[Date "2020.08.11"]
[Round "6"]
[White "AvitalBor"]
[Black "lucasmito"]
[Result "1-0"]
[WhiteElo "2832"]
[BlackElo "2616"]
[TimeControl "180+1"]
[EndTime "11:05:59 PDT"]
[Termination "AvitalBor won on time"]

1. e4 e5 2. Nf3 Nc6 3. Bb5 f5 4. d3 fxe4 5. dxe4 Nf6 6. Nc3 Bb4 7. Qd3 Bxc3+ 8. bxc3 d6 9. Bc4 Na5 10. Bb3 Nxb3 11. axb3 O-O 12. h3 Qe8 13. Qc4+ Qf7 14. Qxf7+ Rxf7 15. Nd2 Nh5 16. Nc4 Be6 17. Ne3 Nf4 18.
c4 a6 19. Ba3 Raf8 20. c5 dxc5 21. Bxc5 Rd8 22. Bb4 Rd4 23. Ba3 Rxe4 24. O-O Ne2+ 25. Kh2 Nd4 26. Rad1 h5 27. Rd2 Nxb3 28. cxb3 Rxe3 29.
fxe3 Rxf1 30. Bb2 Bxb3 31. Bxe5 c5 32. Rd8+ Kh7 33. Rc8 b6 34. Rc6 Rf2 35. e4 Bc2 36. Rc7 Bxe4 37. Rxg7+ Kh6 38. h4 c4 39. Rg5 b5 40. Bd4 b4 41. Bxf2 1-0

[Event "*** SCC Grand Prix: Titled Tuesday Blitz"]
[Site "Chess.com"]
[Date "2020.08.11"]
[Round "6"]
[White "ailime26"]
[Black "BabyBoss31"]
[Result "0-1"]
[WhiteElo "1897"]
[BlackElo "2212"]
[TimeControl "180+1"]
[EndTime "11:05:59 PDT"]
[Termination "BabyBoss31 won on time"]

1. e4 e6 2. d4 d5 3. Nc3 Nf6 4. e5 Nfd7 5. f4 c5 6. Nf3 Nc6 7. Be3 a6 8. Qd2 b5 9. a3 g5 10. f5 g4 11. fxe6 fxe6 12. Ng5 cxd4 13. Nxe6 dxe3 14.
Qxe3 Qe7 15. Nc7+ Kd8 16. Nxa8 d4 17. Qf2 dxc3 18. Be2 cxb2 19. Rb1 Qxe5 20. O-O Bc5 21. Kh1 Bxf2 22. Rxf2 Bb7 23. Nb6 Nxb6 24. Rd1+ Kc7 25.
Bxg4 Rd8 26. Rf7+ Kb8 0-1

[Event "*** SCC Grand Prix: Titled Tuesday Blitz"]
[Site "Chess.com"]
[Date "2020.08.11"]
[Round "6"]
[White "crescentmoon2411"]
[Black "laboratorio25"]
[Result "1-0"]
[WhiteElo "2739"]
[BlackElo "2427"]
[TimeControl "180+1"]
[EndTime "11:06:00 PDT"]
[Termination "crescentmoon2411 won by resignation"]

1. c4 e5 2. Nc3 Nf6 3. g3 Bc5 4. Bg2 Nc6 5. Nf3 d6 6. O-O a6 7. d3 O-O 8. Bg5 h6 9. Bh4 Ne7 10. Bxf6 gxf6 11. Qd2 Kg7 12. Ne4 Ng6 13. Nxc5 dxc5 14.
b4 Qd6 15. Rfb1 Rd8 16. Qe3 cxb4 17. c5 Qe7 18. Rxb4 Rb8 19. Rab1 Be6 20. Rxb7 Rxb7 21. Rxb7 Bxa2 22. Ra7 Qe6 23. Rxc7 Bd5 24. h4 Ne7 25. Nd4 exd4 26. Qxe6 fxe6 27. Rxe7+ Kg6 28. Bxd5 Rxd5 29. Rxe6 Rxc5 30. Rxa6 Rc1+ 31. Kg2 Rc5 32. Rd6 Re5 33. Kf1 1-0

[Event "*** SCC Grand Prix: Titled Tuesday Blitz"]
[Site "Chess.com"]
[Date "2020.08.11"]
[Round "6"]
[White "redbaron8888"]
[Black "GelmanAlexander"]
[Result "0-1"]
[WhiteElo "2412"]
[BlackElo "2581"]
[TimeControl "180+1"]
[EndTime "11:06:04 PDT"]
[Termination "GelmanAlexander won by checkmate"]

1. d4 Nf6 2. c4 c5 3. d5 b5 4.
Nd2 b4 5. e4 d6 6. Bd3 g6 7. f4 Bg7 8. Ndf3 O-O 9. Ne2 a5 10.
O-O a4 11. Rb1 Nbd7 12. Ng3 e6 13. dxe6 fxe6 14. Ng5 Qe7 15. Be3 Bb7 16. Qd2 Ng4 17.
Kh1 Nxe3 18. Qxe3 Rae8 19. b3 a3 20. Rbe1 Bh6 21. h4 Bg7 22. Kh2 Nf6 23. Qe2 h6 24. e5 dxe5 25. fxe5 hxg5 26. exf6 Rxf6 27. Rxf6 Qxf6 28.
hxg5 Qxg5 29. Nf1 Bd4 30. Be4 Qh4# 0-1

[Event "*** SCC Grand Prix: Titled Tuesday Blitz"]
[Site "Chess.com"]
[Date "2020.08.11"]
[Round "6"]
[White "Aygehovit1992"]
[Black "emiliocordova"]
[Result "0-1"]
[WhiteElo "2621"]
[BlackElo "2833"]
[TimeControl "180+1"]
[EndTime "11:06:07 PDT"]
[Termination "emiliocordova won on time"]

1. e4 c5 2. Nf3 Nc6 3. Bb5 e6 4.
O-O Nge7 5. c3 Ng6 6. Re1 a6 7. Ba4 Be7 8. d4 b5 9. Bb3 cxd4 10. cxd4 Bb7 11. d5 Na5 12. d6 Bf6 13. Nc3 Rc8 14.
Qd3 O-O 15. e5 Bxf3 16. exf6 Ba8 17. fxg7 Kxg7 18. Bc2 Rg8 19. Ne4 Qh4 20. Bd2 Nc4 21.
Bc3+ e5 22. Qg3 Kf8 23. Ng5 f6 24. Qxh4 Nxh4 25. Nxh7+ Kf7 26. g3 Nf3+ 27. Kf1 Nxh2+ 28. Ke2 Bf3+ 0-1

[Event "*** SCC Grand Prix: Titled Tuesday Blitz"]
[Site "Chess.com"]
[Date "2020.08.11"]
[Round "6"]
[White "IMAghasiyevKamal"]
[Black "Timerkhanov"]
[Result "1-0"]
[WhiteElo "2452"]
[BlackElo "2575"]
[TimeControl "180+1"]
[EndTime "11:06:07 PDT"]
[Termination "IMAghasiyevKamal won by resignation"]

1. e4 c5 2. Nf3 a6 3. c3 d5 4.
exd5 Qxd5 5. d4 Nf6 6. Be2 e6 7. O-O Nc6 8. Na3 cxd4 9. Nc4 Qd8 10. cxd4 Be7 11. Nce5 Nxe5 12. Nxe5 O-O 13. Bf3 Nd5 14. Qb3 Bf6 15. Bd2 b5 16. Rac1 Bb7 17. a4 Qe8 18.
Rfe1 Rb8 19. axb5 axb5 20. Rc5 b4 21. Qd3 Qa4 22. b3 Qa7 23. Be4 Bxe5 24. Bxh7+ Kh8 25. Rxe5 g6 26. Bxg6 fxg6 27. Qxg6 Nf6 28. Rh5+ 1-0

[Event "*** SCC Grand Prix: Titled Tuesday Blitz"]
[Site "Chess.com"]
[Date "2020.08.11"]
[Round "6"]
[White "Gabrielian_Artur"]
[Black "Orest_Vovk"]
[Result "0-1"]
[WhiteElo "2752"]
[BlackElo "2454"]
[TimeControl "180+1"]
[EndTime "11:06:07 PDT"]
[Termination "Orest_Vovk won by checkmate"]

1. e4 g5 2. d4 g4 3. Qxg4 d5 4.
Qd1 dxe4 5. Nc3 Nf6 6. Bg5 Bg7 7.
Bc4 Bg4 8. Nge2 Nc6 9. h3 Bxe2 10.
Nxe2 h6 11. Be3 Nd5 12. c3 Nxe3 13. fxe3 e6 14. Bb5 Qg5 15. Qd2 Qxb5 16. O-O f5 17. Nf4 Nd8 18. c4 Qd7 19. d5 Rg8 20. Rad1 Be5 21.
Qe2 Bxf4 22. Rxf4 Qg7 23. dxe6 Nxe6 24. Rxf5 Rd8 25. Rdf1 Rd7 26. c5 c6 27. Qh5+ Qg6 28.
Qe2 Kd8 29. Rf6 Qe8 30. Rxh6 Kc8 31. b4 Rf7 32. Rd1 Ng5 33. Qg4+ Kb8 34. Kh1 Qf8 35. Qg3+ Ka8 36. Qd6 Rf1+ 37. Kh2 Nf3+ 38. gxf3 Rf2+ 39. Kh1 Qxf3# 0-1

[Event "*** SCC Grand Prix: Titled Tuesday Blitz"]
[Site "Chess.com"]
[Date "2020.08.11"]
[Round "6"]
[White "CheckThis4"]
[Black "TimofeevAr"]
[Result "0-1"]
[WhiteElo "2635"]
[BlackElo "2855"]
[TimeControl "180+1"]
[EndTime "11:06:09 PDT"]
[Termination "TimofeevAr won by resignation"]

1. d4 Nf6 2. Bg5 d5 3. e3 Nbd7 4. Nf3 g6 5. c4 Bg7 6. Nc3 Nb6 7. c5 Nbd7 8. Bd3 O-O 9. h4 h6 10. Bf4 c6 11. Qc2 Ng4 12. h5 g5 13. Bxg5 hxg5 14.
Nxg5 e5 15. Bh7+ Kh8 16. Bg8 e4 17. Nxf7+ Rxf7 18. Bxf7 Qf6 19. Bg6 Bh6 20. Bxe4 dxe4 21. Nxe4 Qf5 22. O-O-O Ndf6 23. Nxf6 Qxf6 24. Rhf1 Bf5 25.
Qb3 Re8 26. Rde1 Qxd4 27. Qc3 Qxc3+ 28. bxc3 Kg7 29. Kb2 Rd8 30. e4 Rd2+ 31. Ka3 Be6 32. f3 Rxa2+ 0-1

[Event "*** SCC Grand Prix: Titled Tuesday Blitz"]
[Site "Chess.com"]
[Date "2020.08.11"]
[Round "6"]
[White "WiktoriaPOL"]
[Black "StephenDedalus83"]
[Result "0-1"]
[WhiteElo "1875"]
[BlackElo "2771"]
[TimeControl "180+1"]
[EndTime "11:06:09 PDT"]
[Termination "StephenDedalus83 won on time"]

1. c4 g6 2. Nc3 Bg7 3. g3 d6 4. Bg2 e5 5. d3 f5 6. e4 Nf6 7.
Nge2 O-O 8. O-O Nc6 9. exf5 Bxf5 10. f4 Qd7 11. Be3 Rae8 12. Nd5 Ng4 13. Bc1 Nh6 14. Be3 Bh3 15. Nec3 Bxg2 16. Kxg2 Nf5 17. Bf2 Ncd4 18.
Ne3 exf4 19. Nxf5 Nxf5 20. gxf4 Bd4 21. Qf3 Bxf2 22. Kxf2 c6 23. Rae1 Nd4 24. Qg3 Qf5 25.
Kg2 Rxe1 26. Rxe1 Qxf4 27. Qxf4 Rxf4 28. Ne4 d5 29. cxd5 cxd5 30. Nd6 Rf6 31. Nxb7 Rb6 32. Re8+ Kf7 33. Rb8 Rxb2+ 34. Kg3 Kg7 35. Kf4 Ne6+ 36. Ke5 Nc5 37. Kxd5 Nxb7 38. Kc6 Na5+ 0-1

[Event "*** SCC Grand Prix: Titled Tuesday Blitz"]
[Site "Chess.com"]
[Date "2020.08.11"]
[Round "6"]
[White "TheBigBoss04"]
[Black "Gusarov91"]
[Result "0-1"]
[WhiteElo "2813"]
[BlackElo "2661"]
[TimeControl "180+1"]
[EndTime "11:06:10 PDT"]
[Termination "Gusarov91 won by resignation"]

1. Nf3 c6 2. c4 d5 3. g3 Nf6 4. Bg2 Bg4 5. O-O Bxf3 6. Bxf3 e6 7. d3 Nbd7 8. Bg2 Be7 9. Nc3 O-O 10. b3 a5 11. Bb2 Re8 12. e3 Bf8 13. Qe2 g6 14. Rfd1 Qb8 15. a3 b5 16. cxb5 cxb5 17. e4 d4 18. Nb1 e5 19. Nd2 a4 20. b4 Bh6 21. Nf3 Qd6 22. Bh3 Rac8 23. Kg2 Rc7 24.
Bc1 Bxc1 25. Raxc1 Rec8 26. Rxc7 Qxc7 27. Rd2 Qc1 28.
Rd1 Qc3 29. Rd2 Rc7 30. Ra2 Qb3 31.
Ne1 Kg7 32. Qb2 Qxb2 33. Rxb2 Rc3 34. Ra2 h5 35. Kf1 Ng4 36. Ke2 f5 37. f3 Ne3 38.
Kd2 Kf6 39. Ng2 Nf1+ 40. Ke1 Rc1+ 41. Kf2 Nb6 42. Nh4 Ne3 43. Ng2 Nd1+ 0-1

[Event "*** SCC Grand Prix: Titled Tuesday Blitz"]
[Site "Chess.com"]
[Date "2020.08.11"]
[Round "6"]
[White "kasparicy"]
[Black "rugbyclub"]
[Result "1-0"]
[WhiteElo "2347"]
[BlackElo "2179"]
[TimeControl "180+1"]
[EndTime "11:06:10 PDT"]
[Termination "kasparicy won by checkmate"]

1. e4 e5 2. Nf3 Nc6 3. Bc4 Bc5 4. O-O Nf6 5. d4 Bxd4 6. Nxd4 Nxd4 7. f4 d6 8. fxe5 dxe5 9. Bg5 Qd6 10. Bxf6 gxf6 11.
c3 Qc5 12. cxd4 Qxc4 13. dxe5 fxe5 14. Nc3 Be6 15. Kh1 O-O 16. Qh5 f6 17. Rf3 Rf7 18. Raf1 Raf8 19. h3 b5 20. a3 a5 21. Qh4 b4 22.
axb4 axb4 23. Nd1 c5 24. Ne3 Qd4 25. Qh6 Qxe4 26. Rg3+ Kh8 27. Rxf6 Qb1+ 28. Kh2 Rxf6 29. Qg7# 1-0

[Event "*** SCC Grand Prix: Titled Tuesday Blitz"]
[Site "Chess.com"]
[Date "2020.08.11"]
[Round "6"]
[White "CrazyMartian"]
[Black "Roaccutane"]
[Result "1-0"]
[WhiteElo "2341"]
[BlackElo "2564"]
[TimeControl "180+1"]
[EndTime "11:06:12 PDT"]
[Termination "CrazyMartian won by resignation"]

1. d4 Nf6 2. Bf4 c5 3. e3 b6 4. c3 Bb7 5. Nd2 g6 6. Ngf3 Bg7 7. Bd3 O-O 8. h3 d6 9. O-O Nbd7 10. Bh2 a6 11. Re1 Qc7 12. e4 e5 13. d5 b5 14.
a4 c4 15. Bc2 Nc5 16. axb5 axb5 17. Qe2 Rfe8 18. Nf1 Qb6 19. N3d2 Nh5 20. h4 Bh6 21.
Nf3 Nf4 22. Bxf4 Bxf4 23. g3 Bh6 24. Kg2 Rf8 25. Ne3 f6 26. h5 Bg7 27. hxg6 hxg6 28. Nh4 f5 29. Nxg6 Nxe4 30. Bxe4 fxe4 31. Qg4 Rf6 32.
Rxa8+ Bxa8 33. Qc8+ Kf7 34. Nh8+ Bxh8 35. Qxh8 Bxd5 36.
Rh1 Bc6 37. Rh7+ Ke6 38. Qg8+ 1-0

[Event "*** SCC Grand Prix: Titled Tuesday Blitz"]
[Site "Chess.com"]
[Date "2020.08.11"]
[Round "6"]
[White "Alex_Belezky"]
[Black "floplover"]
[Result "1-0"]
[WhiteElo "2502"]
[BlackElo "2298"]
[TimeControl "180+1"]
[EndTime "11:06:12 PDT"]
[Termination "Alex_Belezky won on time"]

1. Nf3 d5 2. g3 Nf6 3. Bg2 e6 4. d3 Be7 5. O-O O-O 6. Nbd2 b6 7. e4 dxe4 8. Ng5 Bb7 9. Ngxe4 Qc8 10. Re1 c5 11.
Nc4 Nxe4 12. Bxe4 Nd7 13. Bf4 Nf6 14. Bf3 Rd8 15. Qe2 Bxf3 16. Qxf3 Nd5 17. Bd2 Bf6 18.
a4 Qd7 19. h4 Rac8 20. h5 h6 21. Re4 Kh7 22. Rg4 Ne7 23. Re1 Qd5 24. Rge4 Nf5 25. Bc3 Bxc3 26. bxc3 Rc7 27. g4 Nd6 28. Nxd6 Rxd6 29.
c4 Qg5 30. Qg3 Rcd7 31. f4 Qd8 32. g5 Rd4 33. g6+ fxg6 34. Qxg6+ Kh8 35. Rxe6 1-0

[Event "*** SCC Grand Prix: Titled Tuesday Blitz"]
[Site "Chess.com"]
[Date "2020.08.11"]
[Round "6"]
[White "Paladin61"]
[Black "Grischuk"]
[Result "0-1"]
[WhiteElo "2651"]
[BlackElo "3036"]
[TimeControl "180+1"]
[EndTime "11:06:14 PDT"]
[Termination "Grischuk won by resignation"]

1. b3 d5 2. Bb2 Bf5 3. Nf3 e6 4. g3 Nf6 5. Bg2 h6 6. O-O Be7 7. d3 O-O 8. c4 c6 9. Nbd2 a5 10. a3 Bh7 11. Qc2 Nbd7 12. Ne5 Nxe5 13. Bxe5 Nd7 14. Bc3 Bg6 15. b4 axb4 16. axb4 Bh5 17. Bf3 Bxf3 18. Nxf3 Bf6 19. Rxa8 Qxa8 20. Ra1 Qb8 21.
Bxf6 Nxf6 22. Qc3 Rd8 23. Qe5 Qxe5 24. Nxe5 Nd7 25. Nxd7 Rxd7 26. c5 g5 27. g4 Rd8 28.
b5 cxb5 29. Rb1 d4 30. Rxb5 Rd5 31. Rb1 Rxc5 32. Rb5 Rxb5 0-1

[Event "*** SCC Grand Prix: Titled Tuesday Blitz"]
[Site "Chess.com"]
[Date "2020.08.11"]
[Round "6"]
[White "PavelChernomordik"]
[Black "coocloo"]
[Result "1-0"]
[WhiteElo "2357"]
[BlackElo "2038"]
[TimeControl "180+1"]
[EndTime "11:06:14 PDT"]
[Termination "PavelChernomordik won by checkmate"]

1. e4 e5 2. Nf3 Nc6 3. Bb5 Bc5 4. O-O Nf6 5. Qe2 O-O 6. c3 d6 7. h3 h6 8. b4 Bb6 9. a4 a5 10. bxa5 Rxa5 11. d3 Bd7 12. Na3 Ra8 13. Nc4 Ba5 14.
Nxa5 Rxa5 15. Nh4 Ne7 16. Bc4 Rxa4 17. Rxa4 Bxa4 18. f4 exf4 19. Bxf4 d5 20. e5 dxc4 21.
exf6 Ng6 22. fxg7 Re8 23. Qg4 Qxd3 24. Bxh6 Bd7 25. Qh5 Nxh4 26. Qxf7+ Kh7 27. g8=Q+ Kxh6 28. Qgg7# 1-0

[Event "*** SCC Grand Prix: Titled Tuesday Blitz"]
[Site "Chess.com"]
[Date "2020.08.11"]
[Round "6"]
[White "hongnhung1234"]
[Black "tlomigtlis"]
[Result "1-0"]
[WhiteElo "2272"]
[BlackElo "2419"]
[TimeControl "180+1"]
[EndTime "11:06:15 PDT"]
[Termination "hongnhung1234 won by checkmate"]

1. e4 c5 2. Nc3 d6 3. f4 g6 4. Nf3 Bg7 5. Bc4 Nc6 6. O-O e6 7. d3 Nge7 8. Qe1 O-O 9. f5 gxf5 10. Qh4 Ng6 11. Qh5 Nce5 12. Nxe5 Nxe5 13. exf5 exf5 14. Bg5 Bf6 15. Bxf6 Qxf6 16. Nd5 Qg7 17. Rae1 Kh8 18. Re3 Qg6 19. Qh4 Ng4 20. Rg3 b5 21. Bb3 Rg8 22. Ne7 Qf6 23. Qxf6+ Nxf6 24. Nxg8 Nxg8 25. Bxf7 Nf6 26.
Re1 Bb7 27. Re7 Bc6 28. Be6 Rf8 29. Bxf5 Nh5 30. Rxh7# 1-0

[Event "*** SCC Grand Prix: Titled Tuesday Blitz"]
[Site "Chess.com"]
[Date "2020.08.11"]
[Round "6"]
[White "MasterKroket"]
[Black "gusmaster2262"]
[Result "1-0"]
[WhiteElo "2415"]
[BlackElo "2220"]
[TimeControl "180+1"]
[EndTime "11:06:15 PDT"]
[Termination "MasterKroket won on time"]

1. d4 Nf6 2. c4 g6 3. Nc3 d5 4. cxd5 Nxd5 5. e4 Nxc3 6. bxc3 Bg7 7. Be3 O-O 8. Qd2 c5 9. Nf3 Qa5 10. Rb1 Nd7 11. Rb5 Qc7 12. d5 a6 13. Rb1 b5 14.
Be2 Nf6 15. Qc2 Nxe4 16. Qxe4 Bf5 17. Qh4 Bxb1 18. O-O Bf5 19. g4 Bd7 20. Ng5 h6 21. Ne4 g5 22. Qh5 f5 23. Nxc5 f4 24. Bd4 Rf7 25.
Bd3 Bxd4 26. cxd4 Qd6 27. Be4 Raf8 28. Nd3 Rg7 29. Ne5 Be8 30. Qh3 Qf6 31. Rc1 Bf7 32. Rc6 e6 33. d6 Qd8 34. Qa3 Be8 35. Rxa6 Rf6 36. Ra8 Qb6 37. Rxe8+ Rf8 38. d7 1-0

[Event "*** SCC Grand Prix: Titled Tuesday Blitz"]
[Site "Chess.com"]
[Date "2020.08.11"]
[Round "6"]
[White "LubovMarkelova"]
[Black "Azoulas1"]
[Result "1-0"]
[WhiteElo "2277"]
[BlackElo "2013"]
[TimeControl "180+1"]
[EndTime "11:06:17 PDT"]
[Termination "LubovMarkelova won by checkmate"]

1. d4 Nf6 2. Nf3 e6 3. Bf4 d5 4. e3 c5 5. c3 Bd6 6. Bg3 Nc6 7. Bd3 O-O 8. Nbd2 Qe7 9. Ne5 Bxe5 10. dxe5 Nd7 11.
f4 f6 12. O-O a6 13. Bh4 b5 14. e4 d4 15. exf6 gxf6 16. e5 c4 17. Be4 Bb7 18.
cxd4 Qf7 19. Nf3 f5 20. Bb1 Nb4 21. Ng5 Qg6 22. a3 Nd5 23. Rf3 h6 24. Ne4 fxe4 25. Rg3 Qxg3 26. hxg3 Ne3 27. Qe2 Nf5 28. Bxe4 Bxe4 29.
Qxe4 Rf7 30. Qxa8+ Rf8 31. Qc6 Nb8 32. Qxe6+ Kh7 33.
Bf6 Nxd4 34. Qe7+ Kg6 35. g4 Rf7 36. Qe8 Ne2+ 37. Kf2 Nxf4 38. Qg8+ Rg7 39. Qxg7# 1-0

[Event "*** SCC Grand Prix: Titled Tuesday Blitz"]
[Site "Chess.com"]
[Date "2020.08.11"]
[Round "6"]
[White "Dinamo81"]
[Black "Duong57"]
[Result "1-0"]
[WhiteElo "2630"]
[BlackElo "2335"]
[TimeControl "180+1"]
[EndTime "11:06:19 PDT"]
[Termination "Dinamo81 won by resignation"]

1. e4 c5 2. Nc3 d6 3. f4 Nf6 4. Nf3 a6 5. Bc4 e6 6. d3 Nc6 7. O-O Be7 8. a3 Qc7 9. f5 b5 10. Ba2 O-O 11. Ng5 h6 12. fxe6 hxg5 13. exf7+ Rxf7 14. Bxf7+ Kxf7 15. Bxg5 Be6 16. Nd5 Bxd5 17. exd5 Ne5 18.
Qe2 Rh8 19. Rae1 Ke8 20. Bf4 Ng6 21. Bg3 Qd7 22. c4 bxc4 23. dxc4 Kd8 24. b4 cxb4 25. axb4 Nh5 26. Bf2 Nhf4 27. Bb6+ Ke8 28. Qf3 Qb7 29. c5 Kd7 30. c6+ 1-0

[Event "*** SCC Grand Prix: Titled Tuesday Blitz"]
[Site "Chess.com"]
[Date "2020.08.11"]
[Round "6"]
[White "Alexandr_Kholin"]
[Black "Cambek64"]
[Result "1-0"]
[WhiteElo "2508"]
[BlackElo "2309"]
[TimeControl "180+1"]
[EndTime "11:06:22 PDT"]
[Termination "Alexandr_Kholin won by resignation"]

1. d4 d6 2. c4 e5 3. Nf3 e4 4. Ng5 f5 5. Nc3 Be7 6. Nh3 Be6 7. e3 Bf7 8. Nf4 Nf6 9. Be2 c6 10. O-O Nbd7 11. a4 O-O 12. f3 g5 13. Nh3 exf3 14. gxf3 h6 15. a5 d5 16. b3 a6 17. Bd2 Be6 18. Nf2 Bd6 19. Kg2 Kh8 20.
e4 dxe4 21. fxe4 fxe4 22. Nfxe4 Nxe4 23. Nxe4 Bc7 24. Bg4 Bxg4 25. Qxg4 Nf6 26. Nxf6 Rxf6 27. Rxf6 Qxf6 28. Rf1 Qd6 29. Qh5 Rf8 30. Rxf8+ Qxf8 31. Bxg5 Bf4 32. Bxf4 Qxf4 33. Qe5+ Qxe5 34. dxe5 Kg7 35. Kf3 Kg6 36. Ke4 h5 37. h4 1-0

[Event "*** SCC Grand Prix: Titled Tuesday Blitz"]
[Site "Chess.com"]
[Date "2020.08.11"]
[Round "6"]
[White "rududuyk"]
[Black "diablanni"]
[Result "0-1"]
[WhiteElo "2114"]
[BlackElo "2332"]
[TimeControl "180+1"]
[EndTime "11:06:22 PDT"]
[Termination "diablanni won on time"]

1. e4 c5 2. Nc3 Nc6 3. f4 e6 4.
Nf3 d5 5. e5 Nh6 6. Bb5 Bd7 7.
O-O Nf5 8. g4 Nh4 9. d3 a6 10.
Bxc6 Bxc6 11. d4 Nxf3+ 12. Rxf3 Qb6 13. Ne2 Bb5 14. c3 Bxe2 15. Qxe2 cxd4 16. cxd4 Qxd4+ 17. Be3 Qe4 18. Rc1 Be7 19. Rc7 b5 20. Kf2 Bd8 21. Rc1 Bh4+ 22. Kg2 d4 23. Qd1 dxe3 24. Rc7 O-O 25. Rd7 Rac8 26. Kh3 e2 0-1

[Event "*** SCC Grand Prix: Titled Tuesday Blitz"]
[Site "Chess.com"]
[Date "2020.08.11"]
[Round "6"]
[White "Oglob71"]
[Black "Gerodot71"]
[Result "1-0"]
[WhiteElo "2574"]
[BlackElo "2407"]
[TimeControl "180+1"]
[EndTime "11:06:23 PDT"]
[Termination "Oglob71 won on time"]

1. d4 Nf6 2. Nf3 d5 3. e3 g6 4. c4 Bg7 5. b4 O-O 6. Bb2 c6 7. Nbd2 Nbd7 8. a4 b6 9. Qb3 Bb7 10. Be2 c5 11. bxc5 bxc5 12. Qxb7 Rb8 13. Qxa7 Rxb2 14.
O-O Ne4 15. Rfd1 Nc3 16. Re1 Nxe2+ 17. Rxe2 dxc4 18. Ree1 c3 19. Nc4 Rb4 20. Nce5 Nxe5 21. dxe5 Qd5 22. Qxe7 c2 23. Rac1 Qb3 24. Qxc5 Rc4 25.
Qb5 Qa2 26. h4 Rfc8 27. a5 R4c5 28. Qd3 Qxa5 29. Re2 Qc7 30. Nd4 Bxe5 31. h5 Bxd4 32. exd4 Rc3 33. Qe4 Qd8 34. h6 Kf8 35. Qe5 f6 36.
Qe6 R3c7 37. Qb6 1-0

[Event "*** SCC Grand Prix: Titled Tuesday Blitz"]
[Site "Chess.com"]
[Date "2020.08.11"]
[Round "6"]
[White "OK97"]
[Black "1977Ivan"]
[Result "0-1"]
[WhiteElo "2854"]
[BlackElo "2682"]
[TimeControl "180+1"]
[EndTime "11:06:24 PDT"]
[Termination "1977Ivan won by resignation"]

1. Nf3 Nf6 2. g3 d5 3. Bg2 c6 4. O-O Bg4 5. d3 Nbd7 6. h3 Bxf3 7. Bxf3 h5 8. h4 e6 9. Bg2 Qc7 10. c4 dxc4 11. dxc4 Bc5 12. Bf4 e5 13. Bg5 Nh7 14.
Bd2 g5 15. hxg5 h4 16. gxh4 Nhf8 17. Qb3 Rxh4 18. Qg3 Ng6 19. Nc3 O-O-O 20. Ne4 Rdh8 21. e3 Be7 22. Rfd1 Ndf8 23. c5 Ne6 24. b4 Ngf4 25.
exf4 exf4 26. Qd3 f3 27. Qxf3 Nd4 28. Nd6+ Bxd6 29. Qd3 Bxc5 30. Kf1 Rh1+ 0-1

[Event "*** SCC Grand Prix: Titled Tuesday Blitz"]
[Site "Chess.com"]
[Date "2020.08.11"]
[Round "6"]
[White "Artyom_ChessMate"]
[Black "Ave_Mariia"]
[Result "1-0"]
[WhiteElo "2565"]
[BlackElo "2390"]
[TimeControl "180+1"]
[EndTime "11:06:24 PDT"]
[Termination "Artyom_ChessMate won by resignation"]

1. e4 c5 2. Nc3 d6 3. f4 g6 4. Nf3 Bg7 5. Bc4 Nc6 6. O-O e6 7.
f5 exf5 8. d3 Nge7 9. Qe1 O-O 10. Qh4 d5 11. exd5 Nd4 12. Bg5 Re8 13. Rae1 Bf8 14.
Bf6 Qd6 15. Be5 Qb6 16. d6 Nxf3+ 17. Rxf3 Bg7 18. Bxg7 Kxg7 19. Rxe7 Be6 20. Bxe6 Rxe7 21. Qxe7 c4+ 22. Rf2 Rf8 23. Bxc4 Qxb2 24. Nd5 Qa1+ 25. Rf1 Qd4+ 26. Kh1 b5 27. Bb3 a5 28. Nf4 Kg8 29. d7 a4 30. Bd5 Qb6 31. Ne6 1-0

[Event "*** SCC Grand Prix: Titled Tuesday Blitz"]
[Site "Chess.com"]
[Date "2020.08.11"]
[Round "6"]
[White "ZverevLev"]
[Black "Sophist4Life"]
[Result "0-1"]
[WhiteElo "2308"]
[BlackElo "2504"]
[TimeControl "180+1"]
[EndTime "11:06:24 PDT"]
[Termination "Sophist4Life won on time"]

1. e4 c5 2. Nf3 d6 3. d4 cxd4 4. Nxd4 Nf6 5. Nc3 a6 6. Bg5 e6 7.
f4 Qb6 8. Qd2 Nc6 9. Nxc6 bxc6 10.
O-O-O Rb8 11. Na4 Qb4 12. Qd4 Nxe4 13. Bh4 d5 14. Qe5 Bd6 15. Qxg7 Rf8 16. Rd4 Bxf4+ 17. Kb1 Qd6 18. Rxe4 dxe4 19. Be2 Be5 20. Qg5 Bf4 21. Qf6 Be5 22. Qg5 h6 23. Qh5 Bxb2 24. Rd1 Bd4+ 25. Kc1 Be3+ 0-1

[Event "*** SCC Grand Prix: Titled Tuesday Blitz"]
[Site "Chess.com"]
[Date "2020.08.11"]
[Round "6"]
[White "lider34"]
[Black "DFeco"]
[Result "1-0"]
[WhiteElo "2391"]
[BlackElo "2183"]
[TimeControl "180+1"]
[EndTime "11:06:24 PDT"]
[Termination "lider34 won by resignation"]

1. e4 e5 2. Nc3 Nf6 3. g3 Nc6 4. Bg2 Bc5 5. Nge2 O-O 6. O-O Nd4 7. d3 d6 8. h3 a6 9. Kh2 h6 10. Be3 Qd7 11. Qd2 Nxe2 12. Nxe2 Bxe3 13. Qxe3 d5 14.
exd5 Nxd5 15. Qxe5 Re8 16. Qxd5 Qxd5 17. Bxd5 Rxe2 18. Rac1 c6 19. Bf3 Rd2 20. Kg2 Be6 21.
a3 Bd5 22. Rfd1 Re2 23. Re1 Rae8 24. Rxe2 Rxe2 25. Bxd5 cxd5 26. Kf3 Re6 27. c4 d4 28.
b4 Kf8 29. c5 Ke7 30. Rc4 Kd7 31. Rxd4+ Kc6 32. Re4 Rf6+ 33. Rf4 Re6 34. Rxf7 Re1 35. Rxg7 Rd1 36. Ke2 Ra1 37. Rg6+ Kc7 38. Rxh6 Rxa3 39. Rb6 Rb3 40. h4 Rb2+ 41. Ke3 1-0

[Event "*** SCC Grand Prix: Titled Tuesday Blitz"]
[Site "Chess.com"]
[Date "2020.08.11"]
[Round "6"]
[White "Man-Chuk"]
[Black "xamax2000"]
[Result "0-1"]
[WhiteElo "2826"]
[BlackElo "2644"]
[TimeControl "180+1"]
[EndTime "11:06:25 PDT"]
[Termination "xamax2000 won by resignation"]

1. d4 d5 2. c4 e6 3. Nc3 a6 4. cxd5 exd5 5. Nf3 h6 6. Bf4 Nf6 7. e3 Bd6 8. Bd3 Bxf4 9. exf4 Bg4 10. O-O O-O 11.
h3 Bxf3 12. Qxf3 Nc6 13. Ne2 Re8 14. Rad1 Ne4 15. Bb1 Qf6 16. a3 Re7 17. Rd3 Rae8 18. Nc3 Nxd4 19. Qd1 Nxc3 20. bxc3 Ne2+ 21. Kh1 Nxc3 22.
Qf3 Nxb1 23. Rxb1 Re1+ 24. Rxe1 Rxe1+ 25. Kh2 c6 26. Rb3 Re7 27. Qg4 Qe6 28. f5 Qe5+ 29. f4 Qf6 30. a4 d4 31. a5 Rd7 32. Rd3 c5 33. Rb3 d3 34. Rb6 Rd6 35. Rxb7 d2 36.
Qd1 Qxf5 37. g3 c4 38. Rc7 Qe4 39. Qh5 Qe8 40. Qd1 Qe1 41. Qc2 Qf2+ 0-1